 Dungeon Crawl Stone Soup version 0.29.1-15-g9cfb28693d (webtiles) character file.

Game seed: 5461343046259217733

17 Mickster the Trooper (level 2, -2/26 HPs)
             Began as a Demigod Fighter on Mar 10, 2023.
             Slain by an orc wizard
             ... wielding a +0 dagger
              (3 damage)
             ... on level 2 of the Dungeon.
             The game lasted 00:13:23 (918 turns).

Mickster the Trooper (Demigod Fighter)               Turns: 918, Time: 00:13:24

Health: -2/26      AC:  6    Str: 17    XL:     2   Next: 30%
Magic:  4/4        EV:  9    Int: 10    God:
Gold:   15         SH:  4    Dex: 13    Spells: 1/1 levels left

rFire   . . .      SeeInvis .   a - +0 war axe
rCold   . . .      Faith    .   c - +0 buckler
rNeg    . . .      Spirit   .   b - +0 scale mail
rPois   .          Reflect  .   (no helmet)
rElec   .          Harm     .   (no cloak)
rCorr   .          Rampage  .   (no gloves)
Will    +....                   (no boots)
Stlth   ..........              (no amulet)
HPRegen 0.08/turn               h - ring of willpower
MPRegen 0.09/turn               (no ring)

@: mighty
A: high MP 1, forlorn, divine attributes
a: no special abilities


You were on level 2 of the Dungeon.
You visited 1 branch of the dungeon, and saw 2 of its levels.

You collected 15 gold pieces.

Inventory:

Hand Weapons
 a - a +0 war axe (weapon)
 f - a +0 spear
 g - a +0 sling
Missiles
 e - 11 stones
 j - 5 boomerangs (quivered)
Armour
 b - a +0 scale mail (worn)
 c - a +0 buckler (worn)
Jewellery
 h - a ring of willpower (left hand)
Scrolls
 i - a scroll of poison
 l - a scroll of silence


   Skills:
 + Level 3.0 Fighting
 + Level 2.1 Axes
 + Level 3.0 Armour
 + Level 2.7 Shields


You had one spell level left.
You didn't know any spells.
Your spell library was empty.

Dungeon Overview and Level Annotations

Branches:
Dungeon (2/15)


Innate Abilities, Weirdness & Mutations

You have an increased reservoir of magic. (+10% MP)
You shall have no god before yourself.
Your divine heritage dramatically boosts your attributes as you level up.


Message History

You hit the orc wizard but do no damage.
You barely miss the orc. The orc hits you with a +0 flail!
The orc wizard hits you with a +0 dagger.
The orc barely misses you.
You slash the orc!
You kill the orc!
You hit the orc wizard but do no damage.
You barely miss the orc. The orc wizard barely misses you.
The orc hits you but does no damage.
The orc wizard hits you with a +0 dagger.
The orc closely misses you.
You hit the orc.
The orc is almost dead.
You hit the orc wizard. The orc wizard barely misses you.
You block the orc's attack.
You hit the orc but do no damage.
The orc is almost dead.
You barely miss the orc wizard.
The orc wizard hits you but does no damage.
The orc hits you with a +0 flail.
* * * LOW HITPOINT WARNING * * *
The orc wizard hits you with a +0 dagger.
* * * LOW HITPOINT WARNING * * *
The orc barely misses you.
You feel very mighty all of a sudden.
The orc wizard hits you with a +0 dagger.
* * * LOW HITPOINT WARNING * * *
The orc barely misses you.
You slice the orc!!
You kill the orc!
You barely miss the orc wizard.
The orc wizard hits you but does no damage.
Your Armour skill increases to level 3!
The orc wizard hits you but does no damage.
You see here a +0 flail.
You hit the orc wizard.
The orc wizard is almost dead.
The orc wizard barely misses you.
The orc wizard hits you with a +0 dagger.
You die...

.........#
.........#
.........#
.........#
.........#
.........#
.......o)#
.......@.#
.........#
#######..#
#..# #..#
#..# #..#
#..#######
#.........


You could see an orc wizard.

Vanquished Creatures
  2 orcs (D:2)
  A ball python (D:1)
  2 endoplasms
  A goblin (D:1)
  3 hobgoblins (D:1)
  3 bats
  A frilled lizard (D:1)
  A rat (D:1)
14 creatures vanquished.

Notes
Turn   | Place    | Note
-------+----------+-------------------------------------------
     0 | D:1      | Mickster the Demigod Fighter began the quest for the Orb.
     0 | D:1      | Reached XP level 1. HP: 18/18 MP: 3/3
   697 | D:1      | Reached XP level 2. HP: 25/26 MP: 4/4
   915 | D:2      | HP: 1/26 [orc wizard/+0 dagger (1)]
   918 | D:2      | Slain by an orc wizard

Illustrated notes

Levels and vault maps discovered:
D:1:      minmay_arrival_jagged, layout_loops_corners,
          chequers_ecumenical_altar_lobes, minmay_tetromino_i2
D:2:      layout_basic, minmay_misc_feat_ornament, uniq_robin, uniq_jessica,
          uniq_terence

Skill      XL: |  1  2 |
---------------+-------+-----
Axes           | 2 |  2.1
Fighting       | 3 |  3.0
Armour         | 3 |  3.0
Shields        | |  2.7

Action                   || total
-------------------------++-------
Melee: War axe           ||    44
  Use: Scroll            ||     3
       Potion            ||     4
Armor: Scale mail        ||    36
Dodge: Dodged            ||    25
Block: Buckler           ||    13
